 Dungeon Crawl Stone Soup version 0.30.0-5-g1a98f26d00 (webtiles) character file.

Game seed: 4946093475954918019

135 Woods the Poker (level 5, -3/52 (57) HPs)
             Began as a Gnoll Reaver on May 11, 2023.
             Slain by a worm (7 damage)
             ... on level 3 of the Dungeon.
             The game lasted 00:04:50 (2950 turns).

Woods the Poker (Gnoll Reaver)                      Turns: 2950, Time: 00:04:50

HP:   -3/52 (57)    AC: 26    Str: 12    XL:     5   Next: 18%
MP:   12/12         EV:  2    Int: 14    God:
Gold: 184           SH:  0    Dex: 10    Spells: 9/14 levels left

rFire   . . .        a - +0 spear
rCold   . . .        (no shield)
rNeg    . . .        b - melded +0 leather armour
rPois   +            (helmet currently unavailable)
rElec   .            (cloak currently unavailable)
rCorr   .            (gloves currently unavailable)
SInv    .            o - melded +0 pair of boots
Will    .....        (no amulet)
Stlth   ++           c - ring of poison resistance
HPRegen 0.28/turn    k - +4 ring of protection
MPRegen 0.13/turn

%: no passive effects
@: tree-form, attractive, drained
A: stationary, stasis, torment immunity, boosted hp, (fangs 1), strong nose,
distributed training, frail 1, sense surroundings 1
a: no special abilities


You were on level 3 of the Dungeon.
You were a tree.
You visited 1 branch of the dungeon, and saw 3 of its levels.

You collected 184 gold pieces.

Inventory:

Hand Weapons
 a - a +0 spear (weapon)
Missiles
 p - 2 throwing nets
Armour
 b - a +0 leather armour (melded)
 o - a +0 pair of boots (melded)
Jewellery
 c - a ring of poison resistance (left branch)
 k - a +4 ring of protection (right branch)
Scrolls
 l - a scroll of immolation
 m - a scroll of enchant weapon {unknown}
 q - a scroll of blinking {unknown}
Potions
 g - a potion of attraction
 h - a potion of curing


   Skills:
 + Level 4.8 Fighting
 + Level 1.4 Short Blades
 + Level 1.4 Long Blades
 + Level 1.4 Axes
 + Level 1.4 Maces & Flails
 + Level 6.7 Polearms
 + Level 1.4 Staves
 + Level 1.4 Ranged Weapons
 + Level 1.4 Throwing
 + Level 1.4 Armour
 + Level 4.8 Dodging
 + Level 1.4 Stealth
 + Level 1.4 Shields
 + Level 1.4 Unarmed Combat
 + Level 5.2 Spellcasting
 + Level 5.5 Conjurations
 + Level 1.1 Hexes
 + Level 1.1 Summonings
 + Level 1.1 Necromancy
 + Level 1.1 Translocations
 + Level 1.1 Transmutations
 + Level 1.1 Fire Magic
 + Level 1.1 Ice Magic
 + Level 1.1 Air Magic
 + Level 1.1 Earth Magic
 + Level 1.1 Poison Magic
 + Level 1.6 Invocations
 + Level 1.4 Evocations


You had 9 spell levels left.
You knew the following spells:

 Your Spells              Type           Power      Damage    Failure   Level
a - Kiss of Death         Conj/Necr      52%        2d9       4%          1
b - Momentum Strike       Conj/Tloc      26%        3d8       6%          2
c - Wereblood             Tmut           6%         N/A       16%         2

Your spell library contained the following spells:

 Spells                   Type           Power      Damage    Failure   Level
 Magic Dart               Conj           76%        1d6       1%          1
 Searing Ray              Conj           38%        2d5       2%          2
 Beastly Appendage        Tmut           12%        N/A       11%         1
 Hailstorm                Conj/Ice       13%        3d5       13%         3
 Spider Form              Tmut/Pois      6%         N/A       32%         3
 Fulminant Prism          Conj/Hex       6%         3d7       38%         4


Dungeon Overview and Level Annotations

Branches:
Dungeon (3/15)

Altars:
Fedhas


Innate Abilities, Weirdness & Mutations

You are a tree.
Your roots penetrate the ground, keeping you stationary.
You cannot be teleported.
You are immune to unholy pain and torment.
Your maximum health is greatly increased.
Your equipment is partially melded.
((You have very sharp teeth.))
Your uncanny sense of smell can sniff out nearby items.
Your experience applies equally to all skills.
You are frail. (-10% HP)
You passively map a small area around you.


Message History

The adder bites you but does no damage. Something hits you but does no damage.
You closely miss the worm.
You creak as the wereblood boils in your veins!
The adder bites you but does no damage. Something hits you but does no damage.
The worm bites you.
* * * LOW HITPOINT WARNING * * *
You hit the worm but do no damage.
You feel less confused. The adder bites you but does no damage.
Something hits you but does no damage.
You barely miss the adder. The adder bites you but does no damage.
The worm bites you but does no damage.
You hit the adder.
The adder is moderately wounded.
Something hits you but does no damage. The adder bites you but does no damage.
You barely miss the adder.
The adder is moderately wounded.
You creak as the wereblood boils in your veins!
The adder bites you but does no damage. Something hits you but does no damage.
The worm bites you.
* * * LOW HITPOINT WARNING * * *
You hit the adder. Your punch misses the adder.
The adder is severely wounded.
The adder bites you but does no damage. Something hits you but does no damage.
You closely miss the adder.
The adder is severely wounded.
The adder bites you but does no damage. The worm bites you but does no damage.
You hear some strange, mumbled words.
A puff of flame appears from out of thin air!
The puff of flame misses you.
The puff of flame hits the adder.
The adder dies!
The ball python is attracted toward you.
Unknown command.
You puncture the ball python!
You feel a bit better.
You kill the ball python!
Your primal bloodlust has ended.
An orc wizard appears from thin air!
Reactivating autopickup.
You hit the orc wizard but do no damage.
The orc wizard barely misses you. The worm bites you!
You die...

#.# ..., ** * , ..####...
#........ * * ** #........ ,
, , #........ * *,,, ,
.#.......... , * , ,
.#.......... , ,, ,
..........#* ######* *
.#........ ∆ #†♣oo## ∆ ∆ ,
...###..#. #.§w##..## , ,
...###.## ##..#....##,
##†....# ...##.....##,
##....# ##..#.......## ∆ ,
#.#..# .# #.##........## ,
#.#..##.# ..#...#......##
###.#.....##.##...##......##*
..#.#..##.# #...####......##
*


You could see a worm, an orc wizard and an orc.

Vanquished Creatures
  Terence (D:2)
  An orc wizard (D:3)
  3 adders (D:2)
  2 worms
  An orc (D:3)
  3 ball pythons
  5 endoplasms
  2 giant cockroaches
  4 goblins
  4 hobgoblins
  3 jackals (D:2)
  2 quokkas
  5 bats
  4 frilled lizards
  3 kobolds
  4 rats
47 creatures vanquished.

Vanquished Creatures (others)
  An adder (D:3)
1 creature vanquished.

Grand Total: 48 creatures vanquished

Notes
Turn   | Place    | Note
-------+----------+-------------------------------------------
     0 | D:1      | Woods the Gnoll Reaver began the quest for the Orb.
     0 | D:1      | Reached XP level 1. HP: 20/20 MP: 6/6
   328 | D:1      | Reached XP level 2. HP: 25/25 MP: 7/7
  1050 | D:2      | Found a blossoming altar of Fedhas.
  1212 | D:2      | Reached skill level 5 in Spellcasting
  1212 | D:2      | Reached XP level 3. HP: 31/31 MP: 7/9
  1271 | D:2      | Noticed Terence
  1290 | D:2      | Killed Terence
  1291 | D:2      | Reached skill level 1 in Short Blades
  1291 | D:2      | Reached skill level 1 in Long Blades
  1291 | D:2      | Reached skill level 1 in Axes
  1291 | D:2      | Reached skill level 1 in Maces & Flails
  1291 | D:2      | Reached skill level 1 in Staves
  1291 | D:2      | Reached skill level 1 in Ranged Weapons
  1291 | D:2      | Reached skill level 1 in Throwing
  1291 | D:2      | Reached skill level 1 in Armour
  1291 | D:2      | Reached skill level 1 in Stealth
  1291 | D:2      | Reached skill level 1 in Shields
  1291 | D:2      | Reached skill level 1 in Unarmed Combat
  1291 | D:2      | Reached skill level 1 in Invocations
  1291 | D:2      | Reached skill level 1 in Evocations
  1412 | D:2      | Reached XP level 4. HP: 29/30 MP: 11/11
  2140 | D:2      | Reached skill level 1 in Hexes
  2140 | D:2      | Reached skill level 1 in Summonings
  2140 | D:2      | Reached skill level 1 in Necromancy
  2140 | D:2      | Reached skill level 1 in Translocations
  2140 | D:2      | Reached skill level 1 in Transmutations
  2140 | D:2      | Reached skill level 1 in Fire Magic
  2140 | D:2      | Reached skill level 1 in Ice Magic
  2140 | D:2      | Reached skill level 1 in Air Magic
  2140 | D:2      | Reached skill level 1 in Earth Magic
  2140 | D:2      | Reached skill level 1 in Poison Magic
  2619 | D:3      | Learned a level 2 spell: Momentum Strike
  2622 | D:3      | Learned a level 2 spell: Wereblood
  2920 | D:3      | HP: 1/33 [worm (4)]
  2927 | D:3      | Gained mutation: You are frail. (-10% HP) [potion of
                  | mutation]
  2927 | D:3      | Gained mutation: You passively map a small area around you.
                  | [potion of mutation]
  2937 | D:3      | Reached XP level 5. HP: 7/35 MP: 10/12
  2938 | D:3      | HP: 2/52 [worm (5)]
  2946 | D:3      | HP: 2/52 [worm (1)]
  2950 | D:3      | Slain by a worm

Illustrated notes

Levels and vault maps discovered:
D:1:      dpeg_arrival_subterranean_lakeside_camping, layout_basic,
          minmay_strange_pillars, minmay_box_of_dots
D:2:      layout_basic, basic_altar, uniq_terence
D:3:      minmay_razor_zed, layout_rooms, serial_aquarium,
          aquarium_bridge_long_separate [aquarium_subvault_wall,
          aquarium_subvault_bridge, aquarium_subvault_bridge,
          aquarium_subvault_bridge, aquarium_subvault_bridge,
          aquarium_subvault_balcony], aquarium_window_fake, aquarium_window_2,
          aquarium_window_1, aquarium_view_2f, aquarium_balcony_5a,
          aquarium_pool_2, serial_bayou_pond_c

Skill      XL: |  1  2  3  4 |
---------------+-------------+-----
Spellcasting   | 5 |  5.2
Short Blades   | 1 |  1.4
Long Blades    | 1 |  1.4
Axes           | 1 |  1.4
Maces & Flails | 1 |  1.4
Staves         | 1 |  1.4
Ranged Weapons | 1 |  1.4
Throwing       | 1 |  1.4
Armour         | 1 |  1.4
Stealth        | 1 |  1.4
Shields        | 1 |  1.4
Unarmed Combat | 1 |  1.4
Invocations    | 1 |  1.6
Evocations     | 1 |  1.4
Hexes          | 1 |  1.1
Summonings     | 1 |  1.1
Necromancy     | 1 |  1.1
Translocations | 1 |  1.1
Transmutations | 1 |  1.1
Fire Magic     | 1 |  1.1
Ice Magic      | 1 |  1.1
Air Magic      | 1 |  1.1
Earth Magic    | 1 |  1.1
Poison Magic   | 1 |  1.1
Fighting       | |  4.8
Polearms       | |  6.7
Dodging        | |  4.8
Conjurations   | |  5.5

Action                     |  1- 3 |  4- 6 || total
---------------------------+-------+-------++-------
  Melee: Spear             |   102 |   119 ||   221
         Bite              |     9 |     9 ||    18
         Punch             |     4 |     2 ||     6
   Cast: Kiss of Death     |     4 |       ||     4
         Wereblood         |       |     1 ||     1
    Use: Potion            |       |     6 ||     6
         Scroll            |       |     3 ||     3
   Stab: Sleeping          |     1 |       ||     1
 Armour: Leather armour    |    13 |    25 ||    38
         Skin              |       |    34 ||    34
  Dodge: Dodged            |    33 |    49 ||    82
